AoeStats
← tuds

Nomad

510069743Analyzed
2v2 RM · 1d ago on Sep 29, 2026· 35m 7s· 4 players
Game mode
Random Map
Map size
176×176
Population
200
Speed
Normal
Resources
Standard
Victory
Conquest
Starting age
Dark Age
Ending age
Imperial Age
RankedLock teamsTeams togetherTeam positionsShared explorationLock speedFull tech treeHidden civsTurbo modeCheats
Victory
Defeat
🇫🇷 Byzantines · France
1194
+15
🇰🇷 Saracens · South Korea
1152
+17
🇫🇷 Italians · France
1169
-16
🇫🇷 Persians · France
1167
-16
johnny
10:03 Loom
13:38 Feudal Age
14:13 Double-Bit Axe
19:15 Castle Age
19:19 Padded Archer Armor
20:02 Crossbowman
23:31 Fletching
24:54 Ballistics
29:24 Bodkin Arrow
29:44 Leather Archer Armor
30:46 Thumb Ring
32:24 Bow Saw
37:32 Imperial Age
tuds
15:24 Feudal Age
13:40 Loom
21:05 Castle Age
20:14 Bloodlines
21:47 Double-Bit Axe
21:47 Horse Collar
22:47 Husbandry
23:40 Scale Barding Armor
23:45 Forging
26:52 Chain Barding Armor
ДУДОЛ ДЖАМП
4:25 Loom
12:28 Feudal Age
16:43 Castle Age
17:00 Scale Barding Armor
17:07 Forging
19:55 Wheelbarrow
26:37 Horse Collar
26:50 Double-Bit Axe
29:30 Bloodlines
29:20 Husbandry
31:12 Iron Casting
32:38 Hand Cart
34:10 Stone Mining
34:11 Gold Mining
noeloeve
3:20 Loom
13:10 Feudal Age
13:58 Double-Bit Axe
14:57 Horse Collar
15:33 Horse Collar
17:08 Wheelbarrow
22:05 Castle Age
23:42 Bow Saw
23:59 Fletching
24:15 Scale Barding Armor
24:21 Forging
24:37 Husbandry
25:16 Hand Cart
32:06 Gold Mining
34:06 Chain Barding Armor
34:21 Iron Casting
34:06 Heavy Plow
Connection lost

Rejoining the realm…

Still unreachable

The connection could not be restored.

Session expired

The server has moved on; the page needs a fresh start.